 Dungeon Crawl Stone Soup version 0.30.1-4-g462c640d31 (webtiles) character file.

Game seed: 8028692852258396393

269 Logoto the Firebug (level 6, -8/47 HPs)
             Began as a Draconian Fire Elementalist on Aug 17, 2023.
             Succumbed to a kobold brigand's curare-tipped dart
             ... in a sewer.
             The game lasted 00:17:03 (3627 turns).

Logoto the Firebug (Draconian Fire Elementalist)    Turns: 3627, Time: 00:17:05

Health: -8/47      AC:  7    Str: 12    XL:     6   Next: 1%
Magic:  6/10       EV: 12    Int: 16    God:
Gold:   120        SH:  0    Dex: 11    Spells: 7/10 levels left

rFire   . . .        w - +2 trident (freeze)
rCold   . . .        (no shield)
rNeg    . . .        (body armour unavailable)
rPois   .            (helmet restricted)
rElec   .            x - +0 cloak
rCorr   .            (no gloves)
SInv    .            (no boots)
Will    .....        (no amulet)
Stlth   +            (no ring)
HPRegen 0.27/turn    (no ring)
MPRegen 0.12/turn

%: no passive effects
@: lethally poisoned (-8 -> -40), slowed, very slow
A: AC +6, unfitting armour, cold-blooded
a: no special abilities


You were in a sewer.
You visited 1 branch of the dungeon, and saw 4 of its levels.
You also visited: Sewer.

You collected 120 gold pieces.

Inventory:

Hand Weapons
 e - a +2 short sword of venom
 g - a +1 spear of venom
 w - a +2 trident of freezing (weapon)
Armour
 x - a +0 cloak (worn)
Jewellery
 v - an amulet of the acrobat
Scrolls
 c - 2 scrolls of noise {unknown}
 d - 5 scrolls of identify {unknown}
 f - 2 scrolls of magic mapping {unknown}
 h - 2 scrolls of fear {unknown}
 l - a scroll of enchant weapon {unknown}
 m - a scroll of immolation {unknown}
 o - a scroll of enchant armour {unknown}
 p - a scroll of poison {unknown}
 q - a scroll of brand weapon {unknown}
 t - 2 scrolls of teleportation {unknown}
 u - a scroll of vulnerability {unknown}
 y - a scroll of summoning {unknown}
Potions
 a - 2 potions of magic
 b - 3 potions of might {unknown}
 i - a potion of degeneration {unknown}
 j - a potion of curing {unknown}
 k - a potion of flight {unknown}
 n - a potion of heal wounds {unknown}
 r - 3 potions of invisibility {unknown}
 s - a potion of mutation {unknown}
 z - a potion of resistance {unknown}


   Skills:
 + Level 1.3 Fighting
 + Level 2.1 Polearms
 + Level 2.1 Dodging
 + Level 2.7 Stealth
 + Level 2.9 Spellcasting
 + Level 2.2 Conjurations
 + Level 4.3 Fire Magic


You had 7 spell levels left.
You knew the following spells:

 Your Spells              Type           Power      Damage    Failure   Level
a - Foxfire               Conj/Fire      48%        2x1d6     4%          1
b - Scorch                Fire           32%        2d6       4%          2

Your spell library contained the following spells:

 Spells                   Type           Power      Damage    Failure   Level
 Inner Flame              Hex/Fire       9%         N/A       24%         3
 Volatile Blastmotes      Fire/Tloc      18%        2d11      24%         3
 Cigotuvi's Dreadful Rot  Necr/Pois/Air  4%         N/A       28%         2
 Ignite Poison            Fire/Tmut/Pois 6%         N/A       30%         3
 Flame Wave               Conj/Fire      12%        2d6       43%         4
 Ozocubu's Armour         Ice            2%         N/A       50%         3
 Manifold Assault         Tloc           2%         N/A       88%         4
 Freezing Cloud           Conj/Ice/Air   2%         6-21      98%         5
 Metabolic Englaciation   Hex/Ice        1%         N/A       99%         5
 Dispersal                Tloc           1%         N/A       100%        6
 Simulacrum               Ice/Necr       1%         N/A       100%        6
 Disjunction              Tloc           1%         N/A       100%        8


Dungeon Overview and Level Annotations

Branches:
Dungeon (4/15)              Sewer (1/1)
 Temple: D:4-7

Altars:
Cheibriados
Trog

Shops:
D:4 *


Innate Abilities, Weirdness & Mutations

Your plain brown scales are hard. (AC +6)
You cannot fit into any form of body armour.
You are cold-blooded and may be slowed by cold attacks.


Message History

You conjure some foxfire!
You feel sick.
The kobold brigand hits you with a +0 dagger.
You feel sick.
You are no longer poisoned.
The foxfire hits the kobold brigand.
The kobold brigand is heavily wounded.
The foxfire hits the kobold brigand.
The kobold brigand is heavily wounded.
The kobold brigand throws a curare-tipped dart.
The curare-tipped dart barely misses you.
Casting: Foxfire (safe; 4% risk of failure)
Confirm with . or Enter, or press ? or * to list all spells.
You conjure some foxfire!
The kobold brigand attacks as you move away!
The kobold brigand misses you.
The foxfire hits the kobold brigand.
The kobold brigand is severely wounded.
The foxfire hits the kobold brigand.
The kobold brigand is almost dead.
You enter the shallow water.
Moving in this stuff is going to be slow.
The kobold brigand throws a curare-tipped dart.
The curare-tipped dart hits you.
You are poisoned.
You have difficulty breathing.
* * * LOW HITPOINT WARNING * * *
You feel as though you will be slow longer.
The kobold brigand throws a curare-tipped dart.
The curare-tipped dart hits you.
You are more poisoned.
You have difficulty breathing.
* * * LOW HITPOINT WARNING * * *
You feel as though you will be slow longer.
You see here a rat corpse.
Okay, then.
Reach: w) +2 trident (freeze)
Press: ? - help, Dir - move target, f - kobold brigand
Aim: a kobold brigand, wielding a +0 dagger and quivering curare-tipped darts (almost dead, about 50% to evade your +2 trident of freezing)
You reach to attack!
You hit the kobold brigand. You freeze the kobold brigand.
You kill the kobold brigand!
You die...

#~# #.# #~# #.#
##~## ##.## #
##.~.## ##~..##
#####..†~.####.....#
≈≈≈≈≈~..~.~~~~...~.#
#####.....####~.).~#
# ##.~~## ##.K~##
##≈## ##@## #≈# #~#
#≈# #~# #≈# #~#
##≈## ##~## #
##~~.## ##.†~##
#####~....####...~.#
≈≈≈≈≈~.∩~.~)†)~..~.#
#####.....####.....#


You could see a kobold.

Vanquished Creatures
  A kobold brigand (Sewer)
  A scorpion (D:4)
  An orc priest (D:3)
  6 adders
  2 river rats
  3 worms (Sewer)
  2 dart slugs
  9 orcs
  9 ball pythons
  6 bats
  6 endoplasms
  2 giant cockroaches
  4 goblins
  5 hobgoblins
  5 jackals (D:1)
  7 quokkas
  4 frilled lizards
  7 kobolds
  8 rats
88 creatures vanquished.

Vanquished Creatures (others)
  99 foxfires
99 creatures vanquished.

Grand Total: 187 creatures vanquished

Notes
Turn   | Place    | Note
-------+----------+-------------------------------------------
     0 | D:1      | Logoto the Draconian Fire Elementalist began the quest for
                  | the Orb.
     0 | D:1      | Reached XP level 1. HP: 14/14 MP: 3/3
   234 | D:1      | Reached XP level 2. HP: 22/22 MP: 3/5
   818 | D:1      | Learned a level 2 spell: Scorch
  1072 | D:2      | Found a faded altar of an unknown god.
  1154 | D:2      | Reached XP level 3. HP: 20/27 MP: 6/6
  1348 | D:2      | Found a snail-covered altar of Cheibriados.
  1928 | D:3      | Reached skill level 4 in Fire Magic
  2113 | D:3      | Reached XP level 4. HP: 32/34 MP: 4/7
  2191 | D:3      | Reached skill level 1 in Polearms
  2377 | D:4      | Reached skill level 1 in Fighting
  2400 | D:4      | Noticed a scorpion
  2411 | D:4      | Killed a scorpion
  2412 | D:4      | Reached XP level 5. HP: 34/40 MP: 1/8
  2591 | D:4      | Found a bloodstained altar of Trog.
  2591 | D:4      | Noticed an orc warrior
  2860 | D:4      | Found Agaatig's Lightly-Used Armoury.
  2942 | D:4      | Found a glowing drain.
  2952 | Sewer    | Entered a sewer
  3577 | Sewer    | Reached XP level 6. HP: 47/47 MP: 7/10
  3627 | Sewer    | Succumbed to a kobold brigand's curare-tipped dart

Illustrated notes

Levels and vault maps discovered:
D:1:      erik_arrival_blinker_ship, layout_loops_corners
D:2:      layout_basic, hellmonk_ecumenical_altar_inner_sanctum, basic_altar
D:3:      layout_rooms, grunt_ministairs_8
D:4:      layout_layer_cave, nzn_overflow_gifts_of_might_and_magic,
          gup_sewer_entry_bubbles, hex_medium, minmay_shop_damaged,
          uniq_crazy_yiuf_cottage
Sewer:    sewer_co_15_rooms

Skill      XL: |  1  2  3  4  5 |
---------------+----------------+-----
Stealth        | 2 |  2.7
Fire Magic     | 4 |  4.3
Polearms       | 1 2 |  2.1
Dodging        | 2 |  2.1
Fighting       | 1 |  1.3
Conjurations   | 2 |  2.2
Spellcasting   | |  2.9

Action                     |  1- 3 |  4- 6 || total
---------------------------+-------+-------++-------
  Melee: Unarmed           |     6 |       ||     6
         Short sword       |     9 |       ||     9
         Tailslap          |     7 |     3 ||    10
         Spear             |    60 |     5 ||    65
         Punch             |     1 |       ||     1
         Trident           |       |    42 ||    42
   Cast: Foxfire           |    26 |    36 ||    62
         Scorch            |     4 |    20 ||    24
   Stab: Sleeping          |     2 |     1 ||     3
 Armour: Skin              |    35 |    17 ||    52
  Dodge: Dodged            |    80 |    34 ||   114
